 Dungeon Crawl Stone Soup version 0.29.1-2-gbd0b4ee654 (webtiles) character file.

Game seed: 14694608629647300042

51 GorkyZ the Shield-Bearer (level 4, -2/36 HPs)
             Began as a Formicid Fighter on Nov 23, 2022.
             Slain by Terence
             ... wielding a +0 flail
              (7 damage)
             ... on level 2 of the Dungeon.
             The game lasted 00:01:37 (872 turns).

GorkyZ the Shield-Bearer (Formicid Fighter)          Turns: 872, Time: 00:01:38

Health: -2/36      AC:  6    Str: 23    XL:     4   Next: 5%
Magic:  4/4        EV:  9    Int:  7    God:
Gold:   65         SH:  5    Dex: 13    Spells: 3/3 levels left

rFire   . . .      SeeInvis +   a - +0 quarterstaff
rCold   . . .      Faith    .   c - +0 buckler
rNeg    . . .      Spirit   .   b - +0 scale mail
rPois   .          Reflect  .   (helmet unavailable)
rElec   .          Harm     .   (no cloak)
rCorr   .          Rampage  .   (no gloves)
Will    .....                   (no boots)
Stlth   ..........              (no amulet)
HPRegen 0.12/turn               (no ring)
MPRegen 0.09/turn               (no ring)

@: no status effects
A: permanent stasis, dig shafts and tunnels, antennae 3, four strong arms
a: Dig, Shaft Self


You were on level 2 of the Dungeon.
You visited 1 branch of the dungeon, and saw 2 of its levels.

You collected 65 gold pieces.

Inventory:

Hand Weapons
 a - a +0 quarterstaff (weapon)
Armour
 b - a +0 scale mail (worn)
 c - a +0 buckler (worn)
Scrolls
 f - a scroll of enchant armour {unknown}
Potions
 d - a potion of might
 e - a potion of heal wounds {unknown}
 g - a potion of haste


   Skills:
 + Level 3.6 Fighting
 + Level 2.3 Staves
 + Level 0.9 Throwing
 + Level 3.6 Armour
 + Level 0.9 Dodging
 + Level 4.3 Shields
 + Level 1.0 Evocations


You had 3 spell levels left.
You didn't know any spells.
Your spell library contained the following spells:

 Spells                   Type           Power      Damage    Failure   Level
 Summon Guardian Golem    Hex/Summ       0%         N/A       99%         3
 Orb of Destruction       Conj           0%         9d5       100%        7
 Spellforged Servitor     Conj/Summ      0%         N/A       100%        7


Dungeon Overview and Level Annotations

Branches:
Dungeon (2/15)

Altars:

Annotations:
D:2 Terence


Innate Abilities, Weirdness & Mutations

You cannot be hasted, slowed, berserked, paralysed or teleported.
You can dig through walls and to a lower floor.
You have a pair of large antennae on your head. (SInv)
Your four strong arms can wield two-handed weapons with a shield.


Message History

You kill the kobold!
Terence hits you with a +0 flail.
Things that are here:
a +0 club; a kobold corpse You hit Terence but do no damage.
The endoplasm freezes you.
You are frozen.
Terence hits you with a +0 flail.
You hit Terence.
Terence is lightly wounded.
The endoplasm freezes you.
You are frozen.
Terence hits you with a +0 flail.
You are too injured to fight recklessly!
You are too injured to fight recklessly!
You are too injured to fight recklessly!
You are too injured to fight recklessly!
You are too injured to fight recklessly!
You are too injured to fight recklessly!
You are too injured to fight recklessly!
You are too injured to fight recklessly!
You are too injured to fight recklessly!
You are too injured to fight recklessly!
You are too injured to fight recklessly!
You are too injured to fight recklessly!
You are too injured to fight recklessly!
You are too injured to fight recklessly!
You are too injured to fight recklessly!
You are too injured to fight recklessly!
You are too injured to fight recklessly!
Unknown command.
You hit Terence.
Terence is moderately wounded.
The endoplasm freezes you.
You are frozen.
Terence zaps a wand.
The puff of flame hits you!
* * * LOW HITPOINT WARNING * * *
You closely miss Terence.
Terence is moderately wounded.
The endoplasm closely misses you. Terence hits you with a +0 flail.
* * * LOW HITPOINT WARNING * * *
Terence hits you with a +0 flail!
You die...

########## #........#
#...# #........# #...#
#........# #...#
#........# #...#
'........# #...#
#.....J..### #...#
#.....@@...## #...#
#........#..#####...####
................'.......
.###........#####....###
#.........## #....#..
#..........# ####.#<.
##########.## #.###
#######..### #....
...........#######


You could see Terence and an endoplasm.

Vanquished Creatures
  Jessica (D:2)
  A ball python (D:1)
  2 goblins (D:1)
  3 hobgoblins
  3 jackals (D:1)
  2 kobolds
  A quokka (D:1)
  3 bats (D:1)
  4 frilled lizards
  4 rats
24 creatures vanquished.

Notes
Turn   | Place    | Note
-------+----------+-------------------------------------------
     0 | D:1      | GorkyZ the Formicid Fighter began the quest for the Orb.
     0 | D:1      | Reached XP level 1. HP: 18/18 MP: 1/1
   109 | D:1      | Found a faded altar of an unknown god.
   129 | D:1      | Reached XP level 2. HP: 22/24 MP: 2/2
   410 | D:1      | Reached XP level 3. HP: 29/29 MP: 3/3
   635 | D:2      | Noticed Jessica
   639 | D:2      | Killed Jessica
   640 | D:2      | Reached skill level 1 in Evocations
   693 | D:2      | Reached XP level 4. HP: 36/36 MP: 4/4
   864 | D:2      | Noticed Terence
   872 | D:2      | Slain by Terence

Illustrated notes

Levels and vault maps discovered:
D:1:      nicolae_arrival_washed_ashore, layout_basic,
          hellmonk_ecumenical_altar_blasted
D:2:      layout_basic, uniq_terence, uniq_crazy_yiuf_cottage, uniq_jessica

Skill      XL: |  1  2  3 |
---------------+----------+-----
Evocations     | 1 |  1.0
Fighting       | |  3.6
Staves         | |  2.3
Throwing       | |  0.9
Armour         | |  3.6
Dodging        | |  0.9
Shields        | |  4.3

Action                   |  1- 3 |  4- 6 || total
-------------------------+-------+-------++-------
Melee: Quarterstaff      |    64 |    10 ||    74
Armor: Scale mail        |    40 |     3 ||    43
Dodge: Dodged            |    25 |     1 ||    26
Block: Buckler           |    21 |     2 ||    23
